Capitals vs Sabres

Created - Friday, January 08, 2016 at 04:18

Goals
1 2 3 T
Capitals 0 1 0 1
Sabres 1 1 1 3
Shots
1 2 3 T
Capitals 6 13 11 30
Sabres 7 9 10 26

1st period

1. Sabres , Benoit Pouliot 20 (Steven Stamkos) at 4:30

Penalties :
Eric O'Dell (Was) for Interference (Minor) at 0:11, Nikita Zadorov (Buf) for High sticking (Double Minor) at 5:54, Chris Bruton (Was) for Hooking (Minor) at 17:45

2nd period

2. Sabres , Blake Wheeler 20 (Sidney Crosby, Alex Pietrangelo) at 0:19
3. Capitals , Eric Neilson 1 (Andy Greene, Brett Sutter) at 2:27 (PP)

Penalties :
Brooks Orpik (Buf) for Tripping (Minor) at 0:55

3rd period

4. Sabres , Benoit Pouliot 21 (Dwight King) at 16:57 (SH)

Penalties :
Eric Gelinas (Was) for Holding (Minor) at 6:08, Blake Wheeler (Buf) for Cross-checking (Minor) at 10:15, Ryan Kesler (Buf) for High sticking (Minor) at 15:08, Alex Pietrangelo (Buf) for Holding (Minor) at 19:33

Goalie Stats

Marc-Andre Fleury (Was), 23 saves from 26 shots - (0.885), L, 12-17-1, 60:00 minutes
Ondrej Pavelec (Buf), 29 saves from 30 shots - (0.967), W, 16-9-1, 60:00 minutes

Players Stats for Capitals

Player Name              G  A  P  +/- PIM S  H  SB GA TA FO     MP     PP MP  PK MP  
------------------------------------------------------------------------------------
Andy Greene              0  1  1  -2  0   3  1  2  1  1  0/0    25:13   5:51   3:00 
Brad Mills               0  0  0  -1  0   0  2  0  0  0  0/0    13:16   4:45   0:38 
Brett Sutter             0  1  1  -2  0   2  0  0  1  0  0/1    21:26   4:56   2:29 
Chris Bruton             0  0  0   0  2   0  1  0  0  0  0/0     3:13   0:55   0:00 
Damon Severson           0  0  0  -1  0   4  0  5  2  1  0/0    22:01   4:04   2:57 
Eric Gelinas             0  0  0  -2  2   4  0  1  1  3  0/0    24:10   5:51   1:27 
Eric Neilson             1  0  1  -2  0   3  1  0  0  0  0/0    18:42   4:56   0:00 
Eric O'Dell              0  0  0  -1  2   5  4  1  2  0  2/12   20:55   4:04   1:42 
Greg Miller              0  0  0   0  0   1  1  1  0  2  1/7    10:14   0:00   0:00 
Julian Melchiori         0  0  0   0  0   1  0  0  0  1  0/0    14:19   0:00   1:33 
Kevin Henderson          0  0  0   0  0   1  2  0  0  0  0/1    16:09   0:14   3:09 
Kris Versteeg            0  0  0  -1  0   1  0  0  3  0  3/4    23:04   4:04   2:56 
Kyle Jean                0  0  0   0  0   1  2  0  0  1  0/0    10:14   0:00   0:00 
Luke Adam                0  0  0  -2  0   2  1  1  2  1  5/17   19:42   4:56   1:00 
Mark Cundari             0  0  0  -1  0   1  1  0  1  1  0/0    22:01   4:04   2:57 
Maxime Macenauer         0  0  0   0  0   1  1  0  1  0  3/7    11:15   0:00   0:00 
Shawn O'Donnell          0  0  0   0  0   0  0  0  0  0  0/1     5:20   0:55   0:00 
Steve Oleksy             0  0  0   0  0   0  1  0  0  0  0/0    12:46   0:00   0:00 

Players Stats for Sabres

Player Name              G  A  P  +/- PIM S  H  SB GA TA FO     MP     PP MP  PK MP  
------------------------------------------------------------------------------------
Alec Martinez            0  0  0   0  0   3  1  3  0  0  0/0    13:36   0:00   0:17 
Alex Pietrangelo         0  1  1   2  2   0  0  4  0  1  0/0    24:47   3:16   5:48 
Benoit Pouliot           2  0  2   2  0   2  1  0  1  0  0/0    14:27   2:41   0:52 
Blake Wheeler            1  0  1   1  2   2  2  2  2  0  1/2    18:08   3:09   0:00 
Boyd Gordon              0  0  0   0  0   1  1  2  1  1  11/14  16:34   0:00   5:07 
Brooks Orpik             0  0  0   2  2   0  0  6  0  0  0/0    19:39   0:00   5:13 
Chris Higgins            0  0  0   0  0   2  0  1  2  0  1/1    16:47   0:00   5:26 
David Perron             0  0  0   0  0   1  3  1  3  0  0/0     8:47   0:06   0:00 
Dwight King              0  1  1   1  0   1  0  1  1  0  0/0    16:35   0:00   4:48 
Gustav Nyquist           0  0  0   1  0   2  3  0  1  0  0/1    18:00   2:48   0:00 
Jay Bouwmeester          0  0  0   1  0   1  2  2  1  2  0/0    22:29   2:41   3:41 
Matt Bartkowski          0  0  0   0  0   0  0  0  0  0  0/0     0:00   0:00   0:00 
Matt Stajan              0  0  0   0  0   1  0  1  0  0  6/8     7:15   0:00   0:00 
Nikita Zadorov           0  0  0   1  4   0  2  0  0  0  0/0    18:18   2:41   1:38 
Rasmus Ristolainen       0  0  0   0  0   1  2  2  0  2  0/0    21:10   3:16   3:13 
Ryan Kesler              0  0  0   1  2   5  2  0  2  0  10/12  22:14   2:35   3:37 
Sidney Crosby            0  1  1   1  0   3  1  0  6  1  7/11   17:26   3:16   0:00 
Steven Stamkos           0  1  1   1  0   1  0  0  1  0  0/1    13:48   3:16   0:00 

3 Stars

1 - Benoit Pouliot (Buf)
2 - Ondrej Pavelec (Buf)
3 - Blake Wheeler (Buf)

Power Play

Capitals - 1 on 6 Attempt(s) - 16.67%
Sabres - 0 on 3 Attempt(s) - 0.00%

Penalty Kill

Capitals - 3 on 3 Attempt(s) - 100.00% - Score 0 goal in Penalty Kill
Sabres - 5 on 6 Attempt(s) - 83.33% - Score 1 goal in Penalty Kill

Team Stat

Capitals - Hits : 18 - Faceoff Wins : 14 - Blocked Shots : 11 - Penalty Minutes : 6
Sabres - Hits : 20 - Faceoff Wins : 36 - Blocked Shots : 25 - Penalty Minutes : 12

Official

Referees : Unknown
Linesman : Unknown

Game Notes

No Game Note

Finance

Level 1 -- Attendance: 6000 (100.00%) -- Ticket Income $396,000
Level 2 -- Attendance: 5000 (100.00%) -- Ticket Income $215,000
Level 3 -- Attendance: 1790 (89.50%) -- Ticket Income $46,540
Level 4 -- Attendance: 3913 (97.83%) -- Ticket Income $54,782
Luxury Box -- Attendance: 1000 (100.00%) -- Ticket Income $165,000
Game was played at the HSBC Arena.
Total Attendance: 17703 (98.35%)
Total Ticket Income: $877,322
Other Income: $429,888
Total Income: $1,307,210

Capitals

5 vs 5 Forward 
   Center                   Left Wing                Right Wing               Time % Phy DF OF 
 1 Eric O'Dell              Kris Versteeg            Brad Mills               35     1   2  2  
 2 Luke Adam                Brett Sutter             Eric Neilson             30     1   2  2  
 3 Maxime Macenauer         Kevin Henderson          Kris Versteeg            22     1   2  2  
 4 Greg Miller              Kyle Jean                Eric O'Dell              13     1   2  2  

5 vs 5 Defense 
   Defense                  Defense                                           Time % Phy DF OF 
 1 Andy Greene              Eric Gelinas                                      35     1   2  2  
 2 Damon Severson           Mark Cundari                                      30     1   2  2  
 3 Steve Oleksy             Julian Melchiori                                  22     1   2  2  
 4 Andy Greene              Eric Gelinas                                      13     1   2  2  

PowerPlay Forward 
   Center                   Left Wing                Right Wing               Time % Phy DF OF 
 1 Eric O'Dell              Kris Versteeg            Brad Mills               60     1   2  2  
 2 Luke Adam                Brett Sutter             Eric Neilson             40     1   2  2  

PowerPlay Defense
   Defense                  Defense                                           Time % Phy DF OF 
 1 Andy Greene              Eric Gelinas                                      60     1   2  2  
 2 Damon Severson           Mark Cundari                                      40     1   2  2  

Penalty Kill 4 Players Forward 
   Center                   Wing                     Time % Phy DF OF 
 1 Kris Versteeg            Eric O'Dell              60     1   2  2  
 2 Luke Adam                Brett Sutter             40     1   2  2  

Penalty Kill 4 Players Defense
   Defense                  Defense                  Time % Phy DF OF 
 1 Andy Greene              Eric Gelinas             60     1   2  2  
 2 Damon Severson           Mark Cundari             40     1   2  2  

Penalty Kill - 3 Players Forward 
   Forward                                           Time % Phy DF OF 
 1 Kris Versteeg                                     60     1   2  2  
 2 Eric O'Dell                                       40     1   2  2  

Penalty Kill - 3 Players Defense
   Defense                  Defense                  Time % Phy DF OF 
 1 Andy Greene              Eric Gelinas             60     1   2  2  
 2 Damon Severson           Mark Cundari             40     1   2  2  

4 vs 4 Forward 
   Center                   Wing                     Time % Phy DF OF 
 1 Kris Versteeg            Eric O'Dell              60     1   2  2  
 2 Luke Adam                Brett Sutter             40     1   2  2  

4 vs 4 Defense
   Defense                  Defense                  Time % Phy DF OF 
 1 Andy Greene              Eric Gelinas             60     1   2  2  
 2 Damon Severson           Mark Cundari             40     1   2  2  

Last Minutes Offensive
   Center                   Left Wing                Right Wing               Defense                  Defense                  
   Eric O'Dell              Kris Versteeg            Brad Mills               Andy Greene              Eric Gelinas             

Last Minutes Defensive
   Center                   Left Wing                Right Wing               Defense                  Defense                  
   Eric O'Dell              Kris Versteeg            Brad Mills               Andy Greene              Eric Gelinas             

Goaltenders
Starting : Marc-Andre Fleury        
Backup : Patrik Bartosak          

Extra Forwards
Normal : Shawn O'Donnell, Chris Bruton, Kevin Henderson - PP : Shawn O'Donnell, Chris Bruton - PK : Kevin Henderson
Extra Defensemen
Normal : Steve Oleksy, Julian Melchiori, Damon Severson - PP : Steve Oleksy - PK : Julian Melchiori, Damon Severson
Penalty Shots
Kris Versteeg, Eric O'Dell, Luke Adam, Brett Sutter, Kevin Henderson

Sabres

5 vs 5 Forward 
   Center                   Left Wing                Right Wing               Time % Phy DF OF 
 1 Sidney Crosby            Gustav Nyquist           Blake Wheeler            35     0   2  3  
 2 Ryan Kesler              Benoit Pouliot           Steven Stamkos           33     0   2  3  
 3 Matt Stajan              David Perron             Ryan Kesler              20     1   2  2  
 4 Boyd Gordon              Chris Higgins            Dwight King              12     2   3  0  

5 vs 5 Defense 
   Defense                  Defense                                           Time % Phy DF OF 
 1 Alex Pietrangelo         Brooks Orpik                                      35     1   2  2  
 2 Jay Bouwmeester          Rasmus Ristolainen                                30     1   3  1  
 3 Nikita Zadorov           Alec Martinez                                     25     3   2  0  
 4 Alex Pietrangelo         Jay Bouwmeester                                   10     0   2  3  

PowerPlay Forward 
   Center                   Left Wing                Right Wing               Time % Phy DF OF 
 1 Sidney Crosby            Gustav Nyquist           Steven Stamkos           57     0   0  5  
 2 Ryan Kesler              Benoit Pouliot           Blake Wheeler            43     0   1  4  

PowerPlay Defense
   Defense                  Defense                                           Time % Phy DF OF 
 1 Alex Pietrangelo         Rasmus Ristolainen                                57     0   1  4  
 2 Jay Bouwmeester          Nikita Zadorov                                    43     1   1  3  

Penalty Kill 4 Players Forward 
   Center                   Wing                     Time % Phy DF OF 
 1 Boyd Gordon              Chris Higgins            50     2   3  0  
 2 Ryan Kesler              Dwight King              50     1   4  0  

Penalty Kill 4 Players Defense
   Defense                  Defense                  Time % Phy DF OF 
 1 Alex Pietrangelo         Brooks Orpik             50     1   3  1  
 2 Jay Bouwmeester          Nikita Zadorov           50     2   3  0  

Penalty Kill - 3 Players Forward 
   Forward                                           Time % Phy DF OF 
 1 Boyd Gordon                                       50     1   4  0  
 2 Ryan Kesler                                       50     1   4  0  

Penalty Kill - 3 Players Defense
   Defense                  Defense                  Time % Phy DF OF 
 1 Alex Pietrangelo         Brooks Orpik             50     2   2  1  
 2 Jay Bouwmeester          Nikita Zadorov           50     2   2  1  

4 vs 4 Forward 
   Center                   Wing                     Time % Phy DF OF 
 1 Sidney Crosby            Steven Stamkos           57     0   2  3  
 2 Ryan Kesler              Blake Wheeler            43     1   2  2  

4 vs 4 Defense
   Defense                  Defense                  Time % Phy DF OF 
 1 Alex Pietrangelo         Rasmus Ristolainen       57     1   2  2  
 2 Jay Bouwmeester          Nikita Zadorov           43     1   2  2  

Last Minutes Offensive
   Center                   Left Wing                Right Wing               Defense                  Defense                  
   Sidney Crosby            Gustav Nyquist           Steven Stamkos           Alex Pietrangelo         Rasmus Ristolainen       

Last Minutes Defensive
   Center                   Left Wing                Right Wing               Defense                  Defense                  
   Ryan Kesler              Chris Higgins            Blake Wheeler            Alex Pietrangelo         Brooks Orpik             

Goaltenders
Starting : Ondrej Pavelec           
Backup : Karri Ramo               

Extra Forwards
Normal : Gustav Nyquist, David Perron, Benoit Pouliot - PP : Blake Wheeler, David Perron - PK : Chris Higgins
Extra Defensemen
Normal : Rasmus Ristolainen, Nikita Zadorov, Alex Pietrangelo - PP : Nikita Zadorov - PK : Rasmus Ristolainen, Nikita Zadorov
Penalty Shots
Sidney Crosby, Steven Stamkos, Gustav Nyquist, Ryan Kesler, Blake Wheeler

% Time on Ice - Capitals

Lines # - Real PCT - Wanted PCT - Time Play
Normal Forward
1 - 20% - 35% - 8:53
2 - 31% - 30% - 13:46
3 - 25% - 22% - 11:15
4 - 23% - 13% - 10:14
Normal Defense
1 - 34% - 35% - 14:52
2 - 34% - 30% - 15:00
3 - 29% - 22% - 12:46
4 - 3% - 13% - 1:30
PP Forward
1 - 50% - 60% - 4:59
2 - 50% - 40% - 4:56
PP Defense
1 - 59% - 60% - 5:51
2 - 41% - 40% - 4:04
PK Forward
1 - 83% - 60% - 4:57
2 - 17% - 40% - 1:00
PK Defense
1 - 50% - 60% - 3:00
2 - 50% - 40% - 2:57
PK3 Forward
1 - 0% - 60%
2 - 0% - 40%
PK3 Defense
1 - 0% - 60%
2 - 0% - 40%
44 Forward
1 - 0% - 60%
2 - 0% - 40%
44 Defense
1 - 0% - 60%
2 - 0% - 40%
Last Minute Offensive  - 0:00
Last Minute Defensive  - 0:00
Total
Forward - 60:00
Defense - 60:00

% Time on Ice - Sabres

Lines # - Real PCT - Wanted PCT - Time Play
Normal Forward
1 - 32% - 35% - 14:12
2 - 26% - 33% - 11:39
3 - 16% - 20% - 7:15
4 - 25% - 12% - 11:02
Normal Defense
1 - 33% - 35% - 14:44
2 - 34% - 30% - 15:07
3 - 30% - 25% - 13:17
4 - 2% - 10% - 1:00
PP Forward
1 - 55% - 57% - 3:16
2 - 45% - 43% - 2:41
PP Defense
1 - 55% - 57% - 3:16
2 - 45% - 43% - 2:41
PK Forward
1 - 52% - 50% - 5:07
2 - 48% - 50% - 4:48
PK Defense
1 - 63% - 50% - 6:14
2 - 37% - 50% - 3:41
PK3 Forward
1 - 0% - 50%
2 - 0% - 50%
PK3 Defense
1 - 0% - 50%
2 - 0% - 50%
44 Forward
1 - 0% - 57%
2 - 0% - 43%
44 Defense
1 - 0% - 57%
2 - 0% - 43%
Last Minute Offensive  - 0:00
Last Minute Defensive  - 0:00
Total
Forward - 60:00
Defense - 60:00

Play by Play

1st period


0:01 of 1st period - Blake Wheeler wins face-off versus Eric O'Dell in neutral zone.
0:11 of 1st period - Minor Penalty to Eric O'Dell for Interference.
0:12 of 1st period - Sidney Crosby wins face-off versus Kevin Henderson in Capitals zone.
0:35 of 1st period - Wrist shot by Sidney Crosby.
0:35 of 1st period - Deflect By Gustav Nyquist.
0:35 of 1st period - Shot Misses the Net.
0:35 of 1st period - Puck is out of play.
0:36 of 1st period - Ryan Kesler wins face-off versus Luke Adam in Capitals zone.
0:39 of 1st period - Snap shot by Ryan Kesler.
0:39 of 1st period - Stopped by Marc-Andre Fleury with a rebound.
1:29 of 1st period - Kris Versteeg is hit by Nikita Zadorov and loses puck.
2:06 of 1st period - Luke Adam is hit by Benoit Pouliot.
2:11 of 1st period - Penalty to Eric O'Dell is over, Eric O'Dell is back on ice.
2:26 of 1st period - Boyd Gordon is hit by Eric O'Dell and loses puck.
2:39 of 1st period - Snap shot by Chris Higgins.
2:39 of 1st period - Stopped by Marc-Andre Fleury with a rebound.
2:43 of 1st period - Snap shot by Boyd Gordon.
2:43 of 1st period - Stopped by Marc-Andre Fleury without a rebound.
2:44 of 1st period - Matt Stajan wins face-off versus Luke Adam in Capitals zone.
3:07 of 1st period - Snap shot by David Perron.
3:07 of 1st period - Shot Misses the Net.
3:09 of 1st period - Snap shot by Matt Stajan.
3:09 of 1st period - Stopped by Marc-Andre Fleury without a rebound.
3:10 of 1st period - Sidney Crosby wins face-off versus Greg Miller in Capitals zone.
3:21 of 1st period - Jay Bouwmeester is hit by Eric O'Dell and loses puck.
3:30 of 1st period - Snap shot by Eric O'Dell.
3:30 of 1st period - Stopped by Ondrej Pavelec with a rebound.
3:32 of 1st period - Snap shot by Kyle Jean.
3:32 of 1st period - Shot Misses the Net.
3:36 of 1st period - Slapshot by Greg Miller.
3:36 of 1st period - Shot Blocked by Blake Wheeler.
3:38 of 1st period - Snap shot by Eric O'Dell.
3:38 of 1st period - Stopped by Ondrej Pavelec with a rebound.
3:40 of 1st period - Slapshot by Steve Oleksy.
3:40 of 1st period - Shot Blocked by Jay Bouwmeester.
3:42 of 1st period - Slapshot by Julian Melchiori.
3:42 of 1st period - Deflect By Greg Miller.
3:42 of 1st period - Stopped by Ondrej Pavelec without a rebound.
3:43 of 1st period - Luke Adam wins face-off versus Boyd Gordon in Sabres zone.
4:20 of 1st period - Slapshot by Chris Higgins.
4:20 of 1st period - Shot Misses the Net.
4:30 of 1st period - Slapshot by Benoit Pouliot.
4:30 of 1st period - Goal by Benoit Pouliot - Capitals : 0 - Sabres : 1.
4:31 of 1st period - Ryan Kesler wins face-off versus Maxime Macenauer in neutral zone.
5:23 of 1st period - Blake Wheeler is hit by Kyle Jean and loses puck.
5:54 of 1st period - Double Minor Penalty to Nikita Zadorov for High sticking.
5:55 of 1st period - Boyd Gordon wins face-off versus Luke Adam in Sabres zone.
6:09 of 1st period - Wrist shot by Andy Greene.
6:09 of 1st period - Deflect By Brett Sutter.
6:09 of 1st period - Shot Misses the Net.
6:09 of 1st period - Puck is out of play.
6:10 of 1st period - Boyd Gordon wins face-off versus Luke Adam in Sabres zone.
6:51 of 1st period - Snap shot by Ryan Kesler.
6:51 of 1st period - Shot Misses the Net.
8:07 of 1st period - Brett Sutter is hit by Boyd Gordon and loses puck.
8:51 of 1st period - Brooks Orpik is hit by Brad Mills and loses puck.
9:28 of 1st period - Slapshot by Eric Gelinas.
9:28 of 1st period - Shot Misses the Net.
9:30 of 1st period - Slapshot by Luke Adam.
9:30 of 1st period - Shot Misses the Net.
9:32 of 1st period - Snap shot by Andy Greene.
9:32 of 1st period - Shot Misses the Net.
9:34 of 1st period - Wrist shot by Andy Greene.
9:34 of 1st period - Shot Blocked by Alex Pietrangelo.
9:36 of 1st period - Slapshot by Andy Greene.
9:36 of 1st period - Deflect By Luke Adam.
9:36 of 1st period - Stopped by Ondrej Pavelec without a rebound.
9:37 of 1st period - Ryan Kesler wins face-off versus Luke Adam in Sabres zone.
9:46 of 1st period - Boyd Gordon is hit by Chris Bruton.
9:54 of 1st period - Penalty to Nikita Zadorov is over, Nikita Zadorov is back on ice.
10:02 of 1st period - Alec Martinez is hit by Kevin Henderson and loses puck.
10:51 of 1st period - Icing by Benoit Pouliot.
10:52 of 1st period - Ryan Kesler wins face-off versus Maxime Macenauer in Sabres zone.
11:21 of 1st period - Slapshot by Gustav Nyquist.
11:21 of 1st period - Shot Blocked by Damon Severson.
11:46 of 1st period - Slapshot by Ryan Kesler.
11:46 of 1st period - Stopped by Marc-Andre Fleury without a rebound.
11:47 of 1st period - Matt Stajan wins face-off versus Greg Miller in Capitals zone.
12:16 of 1st period - Steve Oleksy is hit by Gustav Nyquist and loses puck.
13:49 of 1st period - Off-side.
13:50 of 1st period - Maxime Macenauer wins face-off versus Matt Stajan in neutral zone.
13:53 of 1st period - Snap shot by Damon Severson.
13:53 of 1st period - Stopped by Ondrej Pavelec with a rebound.
14:15 of 1st period - Wrist shot by Eric O'Dell.
14:15 of 1st period - Stopped by Ondrej Pavelec with a rebound.
14:17 of 1st period - Slapshot by Andy Greene.
14:17 of 1st period - Shot Blocked by David Perron.
14:43 of 1st period - Andy Greene is hit by Gustav Nyquist and loses puck.
15:09 of 1st period - Chris Higgins is hit by Eric Neilson and loses puck.
15:55 of 1st period - Snap shot by Steven Stamkos.
15:55 of 1st period - Shot Misses the Net.
17:45 of 1st period - Minor Penalty to Chris Bruton for Hooking.
17:46 of 1st period - Kris Versteeg wins face-off versus Steven Stamkos in Capitals zone.
18:48 of 1st period - Icing by Blake Wheeler.
18:49 of 1st period - Kris Versteeg wins face-off versus Sidney Crosby in Sabres zone.
19:08 of 1st period - Damon Severson is hit by Ryan Kesler and loses puck.
19:29 of 1st period - Alex Pietrangelo is hit by Mark Cundari and loses puck.
19:45 of 1st period - Penalty to Chris Bruton is over, Chris Bruton is back on ice.
19:54 of 1st period - Slapshot by Blake Wheeler.
19:54 of 1st period - Shot Misses the Net.
19:56 of 1st period - Wrist shot by David Perron.
19:56 of 1st period - Stopped by Marc-Andre Fleury with a rebound.
19:58 of 1st period - Slapshot by Alec Martinez.
19:58 of 1st period - Shot Misses the Net.
Goals for this period are 0 for Capitals vs 1 for Sabres.
Shots for this period are 6 for Capitals vs 7 for Sabres.

2nd period


0:01 of 2nd period - Eric O'Dell wins face-off versus Sidney Crosby in neutral zone.
0:19 of 2nd period - Wrist shot by Blake Wheeler.
0:19 of 2nd period - Goal by Blake Wheeler - Capitals : 0 - Sabres : 2.
0:20 of 2nd period - Eric O'Dell wins face-off versus Ryan Kesler in neutral zone.
0:55 of 2nd period - Minor Penalty to Brooks Orpik for Tripping.
0:56 of 2nd period - Boyd Gordon wins face-off versus Luke Adam in Sabres zone.
1:22 of 2nd period - Slapshot by Andy Greene.
1:22 of 2nd period - Shot Blocked by Jay Bouwmeester.
1:24 of 2nd period - Slapshot by Andy Greene.
1:24 of 2nd period - Shot Blocked by Boyd Gordon.
1:26 of 2nd period - Snap shot by Eric Neilson.
1:26 of 2nd period - Stopped by Ondrej Pavelec without a rebound.
1:27 of 2nd period - Boyd Gordon wins face-off versus Eric O'Dell in Sabres zone.
1:36 of 2nd period - Dwight King is hit by Brad Mills and loses puck.
1:55 of 2nd period - Snap shot by Damon Severson.
1:55 of 2nd period - Stopped by Ondrej Pavelec with a rebound.
2:01 of 2nd period - Slapshot by Damon Severson.
2:01 of 2nd period - Stopped by Ondrej Pavelec with a rebound.
2:19 of 2nd period - Slapshot by Eric Gelinas.
2:19 of 2nd period - Stopped by Ondrej Pavelec with a rebound.
2:21 of 2nd period - Backhand shot by Eric Gelinas.
2:21 of 2nd period - Shot Blocked by Boyd Gordon.
2:23 of 2nd period - Snap shot by Andy Greene.
2:23 of 2nd period - Deflect By Brett Sutter.
2:23 of 2nd period - Stopped by Ondrej Pavelec with a rebound.
2:25 of 2nd period - Slapshot by Andy Greene.
2:25 of 2nd period - Stopped by Ondrej Pavelec with a rebound.
2:27 of 2nd period - Wrist shot by Eric Neilson.
2:27 of 2nd period - Goal by Eric Neilson - Capitals : 1 - Sabres : 2.
2:28 of 2nd period - Sidney Crosby wins face-off versus Maxime Macenauer in neutral zone.
2:35 of 2nd period - Snap shot by Gustav Nyquist.
2:35 of 2nd period - Stopped by Marc-Andre Fleury with a rebound.
2:37 of 2nd period - Slapshot by Alec Martinez.
2:37 of 2nd period - Stopped by Marc-Andre Fleury with a rebound.
2:39 of 2nd period - Wrist shot by Gustav Nyquist.
2:39 of 2nd period - Shot Misses the Net.
3:01 of 2nd period - Snap shot by Gustav Nyquist.
3:01 of 2nd period - Shot Hit the Post.
3:03 of 2nd period - Slapshot by Alec Martinez.
3:03 of 2nd period - Shot Misses the Net.
3:05 of 2nd period - Wrist shot by Sidney Crosby.
3:05 of 2nd period - Shot Misses the Net.
3:41 of 2nd period - Slapshot by Luke Adam.
3:41 of 2nd period - Deflect By Brett Sutter.
3:41 of 2nd period - Shot Misses the Net.
3:41 of 2nd period - Puck is out of play.
3:42 of 2nd period - Boyd Gordon wins face-off versus Greg Miller in Sabres zone.
3:53 of 2nd period - Greg Miller is hit by Jay Bouwmeester and loses puck.
4:06 of 2nd period - Slapshot by Jay Bouwmeester.
4:06 of 2nd period - Deflect By Damon Severson.
4:06 of 2nd period - Stopped by Marc-Andre Fleury with a rebound.
4:12 of 2nd period - Rasmus Ristolainen is hit by Kyle Jean and loses puck.
4:24 of 2nd period - Icing by Jay Bouwmeester.
4:25 of 2nd period - Boyd Gordon wins face-off versus Luke Adam in Sabres zone.
5:08 of 2nd period - Icing by Rasmus Ristolainen.
5:09 of 2nd period - Sidney Crosby wins face-off versus Eric O'Dell in Sabres zone.
5:28 of 2nd period - Eric Gelinas is hit by Rasmus Ristolainen and loses puck.
5:35 of 2nd period - Wrist shot by Eric O'Dell.
5:35 of 2nd period - Stopped by Ondrej Pavelec without a rebound.
5:36 of 2nd period - Maxime Macenauer wins face-off versus Ryan Kesler in Sabres zone.
5:56 of 2nd period - Snap shot by Benoit Pouliot.
5:56 of 2nd period - Shot Blocked by Damon Severson.
5:58 of 2nd period - Slapshot by Steven Stamkos.
5:58 of 2nd period - Shot Misses the Net.
6:04 of 2nd period - Wrist shot by Ryan Kesler.
6:04 of 2nd period - Shot Blocked by Damon Severson.
6:06 of 2nd period - Wrist shot by Ryan Kesler.
6:06 of 2nd period - Stopped by Marc-Andre Fleury with a rebound.
6:08 of 2nd period - Snap shot by Ryan Kesler.
6:08 of 2nd period - Shot Misses the Net.
7:51 of 2nd period - Snap shot by Sidney Crosby.
7:51 of 2nd period - Stopped by Marc-Andre Fleury with a rebound.
8:01 of 2nd period - Snap shot by Eric O'Dell.
8:01 of 2nd period - Deflect By Kyle Jean.
8:01 of 2nd period - Stopped by Ondrej Pavelec without a rebound.
8:02 of 2nd period - Ryan Kesler wins face-off versus Greg Miller in Sabres zone.
8:18 of 2nd period - Slapshot by Alec Martinez.
8:18 of 2nd period - Stopped by Marc-Andre Fleury with a rebound.
8:20 of 2nd period - Slapshot by Alec Martinez.
8:20 of 2nd period - Deflect By Eric O'Dell.
8:20 of 2nd period - Stopped by Marc-Andre Fleury without a rebound.
8:21 of 2nd period - Ryan Kesler wins face-off versus Eric O'Dell in Capitals zone.
8:50 of 2nd period - Damon Severson is hit by Alec Martinez and loses puck.
9:01 of 2nd period - Mark Cundari is hit by Gustav Nyquist and loses puck.
9:06 of 2nd period - Slapshot by Sidney Crosby.
9:06 of 2nd period - Shot Misses the Net.
9:08 of 2nd period - Slapshot by Brooks Orpik.
9:08 of 2nd period - Shot Blocked by Damon Severson.
9:12 of 2nd period - Wrist shot by Sidney Crosby.
9:12 of 2nd period - Shot Blocked by Damon Severson.
9:48 of 2nd period - Slapshot by Eric Gelinas.
9:48 of 2nd period - Shot Blocked by Brooks Orpik.
9:50 of 2nd period - Slapshot by Andy Greene.
9:50 of 2nd period - Shot Misses the Net.
10:18 of 2nd period - Slapshot by Andy Greene.
10:18 of 2nd period - Shot Blocked by Chris Higgins.
10:20 of 2nd period - Slapshot by Andy Greene.
10:20 of 2nd period - Shot Blocked by Brooks Orpik.
10:24 of 2nd period - Snap shot by Kyle Jean.
10:24 of 2nd period - Shot Blocked by Brooks Orpik.
10:26 of 2nd period - Slapshot by Andy Greene.
10:26 of 2nd period - Shot Blocked by Brooks Orpik.
10:30 of 2nd period - Wrist shot by Greg Miller.
10:30 of 2nd period - Deflect By Kyle Jean.
10:30 of 2nd period - Shot Misses the Net.
10:30 of 2nd period - Puck is out of play.
10:31 of 2nd period - Sidney Crosby wins face-off versus Brett Sutter in Sabres zone.
10:36 of 2nd period - Wrist shot by Brett Sutter.
10:36 of 2nd period - Shot Misses the Net.
10:38 of 2nd period - Slapshot by Julian Melchiori.
10:38 of 2nd period - Shot Blocked by Rasmus Ristolainen.
10:40 of 2nd period - Slapshot by Julian Melchiori.
10:40 of 2nd period - Stopped by Ondrej Pavelec with a rebound.
10:42 of 2nd period - Wrist shot by Eric Neilson.
10:42 of 2nd period - Stopped by Ondrej Pavelec with a rebound.
10:44 of 2nd period - Snap shot by Luke Adam.
10:44 of 2nd period - Shot Misses the Net.
10:46 of 2nd period - Snap shot by Brett Sutter.
10:46 of 2nd period - Deflect By Eric Neilson.
10:46 of 2nd period - Shot Misses the Net.
10:46 of 2nd period - Puck is out of play.
10:47 of 2nd period - Luke Adam wins face-off versus Blake Wheeler in Sabres zone.
11:04 of 2nd period - Snap shot by Eric O'Dell.
11:04 of 2nd period - Stopped by Ondrej Pavelec with a rebound.
11:26 of 2nd period - Snap shot by Maxime Macenauer.
11:26 of 2nd period - Shot Misses the Net.
11:34 of 2nd period - Steven Stamkos is hit by Kevin Henderson and loses puck.
11:59 of 2nd period - Wrist shot by Ryan Kesler.
11:59 of 2nd period - Stopped by Marc-Andre Fleury without a rebound.
12:00 of 2nd period - Luke Adam wins face-off versus Matt Stajan in Capitals zone.
12:10 of 2nd period - Mark Cundari is hit by David Perron.
12:26 of 2nd period - Snap shot by Dwight King.
12:26 of 2nd period - Shot Misses the Net.
13:45 of 2nd period - Andy Greene is hit by Ryan Kesler and loses puck.
14:26 of 2nd period - Slapshot by Andy Greene.
14:26 of 2nd period - Deflect By Boyd Gordon.
14:26 of 2nd period - Stopped by Ondrej Pavelec without a rebound.
14:27 of 2nd period - Boyd Gordon wins face-off versus Eric O'Dell in Sabres zone.
15:20 of 2nd period - Kyle Jean is hit by David Perron.
15:32 of 2nd period - Alec Martinez is hit by Eric O'Dell and loses puck.
16:59 of 2nd period - Kris Versteeg is hit by David Perron and loses puck.
Goals for this period are 1 for Capitals vs 1 for Sabres.
Shots for this period are 13 for Capitals vs 9 for Sabres.

3rd period


0:01 of 3rd period - Ryan Kesler wins face-off versus Eric O'Dell in neutral zone.
0:06 of 3rd period - Snap shot by Benoit Pouliot.
0:06 of 3rd period - Shot Misses the Net.
0:52 of 3rd period - Slapshot by Damon Severson.
0:52 of 3rd period - Shot Blocked by Alex Pietrangelo.
0:58 of 3rd period - Damon Severson is hit by Blake Wheeler and loses puck.
1:17 of 3rd period - Wrist shot by Sidney Crosby.
1:17 of 3rd period - Stopped by Marc-Andre Fleury without a rebound.
1:18 of 3rd period - Boyd Gordon wins face-off versus Maxime Macenauer in Capitals zone.
1:33 of 3rd period - Snap shot by Kris Versteeg.
1:33 of 3rd period - Shot Misses the Net.
3:07 of 3rd period - Jay Bouwmeester is hit by Luke Adam and loses puck.
3:50 of 3rd period - Kris Versteeg is hit by Rasmus Ristolainen and loses puck.
4:15 of 3rd period - Snap shot by Steven Stamkos.
4:15 of 3rd period - Shot Misses the Net.
4:46 of 3rd period - Slapshot by Andy Greene.
4:46 of 3rd period - Shot Blocked by Dwight King.
4:48 of 3rd period - Slapshot by Eric Gelinas.
4:48 of 3rd period - Stopped by Ondrej Pavelec without a rebound.
4:49 of 3rd period - Matt Stajan wins face-off versus Greg Miller in Sabres zone.
4:49 of 3rd period - Matt Stajan is hit by Greg Miller.
5:24 of 3rd period - Wrist shot by Maxime Macenauer.
5:24 of 3rd period - Stopped by Ondrej Pavelec with a rebound.
5:26 of 3rd period - Slapshot by Julian Melchiori.
5:26 of 3rd period - Shot Misses the Net.
5:28 of 3rd period - Slapshot by Julian Melchiori.
5:28 of 3rd period - Deflect By Kris Versteeg.
5:28 of 3rd period - Shot Blocked by Alec Martinez.
5:28 of 3rd period - Puck is out of play.
5:29 of 3rd period - Maxime Macenauer wins face-off versus Boyd Gordon in Sabres zone.
6:05 of 3rd period - Wrist shot by Blake Wheeler.
6:05 of 3rd period - Deflect By Sidney Crosby.
6:05 of 3rd period - Stopped by Marc-Andre Fleury without a rebound.
6:06 of 3rd period - Luke Adam wins face-off versus Sidney Crosby in Capitals zone.
6:08 of 3rd period - Minor Penalty to Eric Gelinas for Holding.
6:09 of 3rd period - Kris Versteeg wins face-off versus Gustav Nyquist in Capitals zone.
6:09 of 3rd period - Kris Versteeg is hit by Sidney Crosby.
6:26 of 3rd period - Snap shot by Sidney Crosby.
6:26 of 3rd period - Deflect By Steven Stamkos.
6:26 of 3rd period - Stopped by Marc-Andre Fleury without a rebound.
6:27 of 3rd period - Sidney Crosby wins face-off versus Kris Versteeg in Capitals zone.
6:38 of 3rd period - Snap shot by Gustav Nyquist.
6:38 of 3rd period - Shot Blocked by Andy Greene.
7:31 of 3rd period - Snap shot by Ryan Kesler.
7:31 of 3rd period - Shot Misses the Net.
7:37 of 3rd period - Ryan Kesler is hit by Andy Greene and loses puck.
8:08 of 3rd period - Penalty to Eric Gelinas is over, Eric Gelinas is back on ice.
8:36 of 3rd period - Snap shot by Dwight King.
8:36 of 3rd period - Shot Misses the Net.
8:38 of 3rd period - Snap shot by Chris Higgins.
8:38 of 3rd period - Stopped by Marc-Andre Fleury without a rebound.
8:39 of 3rd period - Matt Stajan wins face-off versus Luke Adam in Capitals zone.
9:06 of 3rd period - Matt Stajan is hit by Steve Oleksy and loses puck.
9:37 of 3rd period - Slapshot by Jay Bouwmeester.
9:37 of 3rd period - Deflect By Dwight King.
9:37 of 3rd period - Stopped by Marc-Andre Fleury with a rebound.
9:39 of 3rd period - Snap shot by Jay Bouwmeester.
9:39 of 3rd period - Shot Blocked by Andy Greene.
9:41 of 3rd period - Slapshot by Jay Bouwmeester.
9:41 of 3rd period - Shot Blocked by Greg Miller.
9:43 of 3rd period - Slapshot by Rasmus Ristolainen.
9:43 of 3rd period - Stopped by Marc-Andre Fleury with a rebound.
10:00 of 3rd period - Off-side.
10:01 of 3rd period - Sidney Crosby wins face-off versus Luke Adam in neutral zone.
10:04 of 3rd period - Wrist shot by Gustav Nyquist.
10:04 of 3rd period - Shot Misses the Net.
10:06 of 3rd period - Slapshot by Brooks Orpik.
10:06 of 3rd period - Shot Misses the Net.
10:15 of 3rd period - Minor Penalty to Blake Wheeler for Cross-checking.
10:16 of 3rd period - Boyd Gordon wins face-off versus Eric O'Dell in Sabres zone.
10:49 of 3rd period - Off-side.
10:50 of 3rd period - Ryan Kesler wins face-off versus Luke Adam in neutral zone.
11:03 of 3rd period - Slapshot by Eric Gelinas.
11:03 of 3rd period - Shot Misses the Net.
11:13 of 3rd period - Slapshot by Kris Versteeg.
11:13 of 3rd period - Stopped by Ondrej Pavelec without a rebound.
11:14 of 3rd period - Ryan Kesler wins face-off versus Eric O'Dell in Sabres zone.
11:44 of 3rd period - Wrist shot by Eric Gelinas.
11:44 of 3rd period - Shot Misses the Net.
11:54 of 3rd period - Boyd Gordon is hit by Eric O'Dell and loses puck.
12:15 of 3rd period - Penalty to Blake Wheeler is over, Blake Wheeler is back on ice.
12:19 of 3rd period - Snap shot by Damon Severson.
12:19 of 3rd period - Stopped by Ondrej Pavelec with a rebound.
12:23 of 3rd period - Wrist shot by Brett Sutter.
12:23 of 3rd period - Stopped by Ondrej Pavelec with a rebound.
12:25 of 3rd period - Slapshot by Mark Cundari.
12:25 of 3rd period - Shot Blocked by Brooks Orpik.
12:27 of 3rd period - Slapshot by Mark Cundari.
12:27 of 3rd period - Stopped by Ondrej Pavelec with a rebound.
12:29 of 3rd period - Slapshot by Damon Severson.
12:29 of 3rd period - Shot Blocked by Alex Pietrangelo.
12:31 of 3rd period - Slapshot by Damon Severson.
12:31 of 3rd period - Shot Blocked by Alex Pietrangelo.
12:49 of 3rd period - Jay Bouwmeester is hit by Maxime Macenauer and loses puck.
13:08 of 3rd period - Snap shot by Blake Wheeler.
13:08 of 3rd period - Stopped by Marc-Andre Fleury without a rebound.
13:09 of 3rd period - Ryan Kesler wins face-off versus Greg Miller in Capitals zone.
13:18 of 3rd period - Snap shot by Steven Stamkos.
13:18 of 3rd period - Shot Blocked by Eric O'Dell.
13:50 of 3rd period - Slapshot by Kevin Henderson.
13:50 of 3rd period - Shot Blocked by Blake Wheeler.
13:54 of 3rd period - Slapshot by Kris Versteeg.
13:54 of 3rd period - Shot Blocked by Alec Martinez.
13:56 of 3rd period - Snap shot by Julian Melchiori.
13:56 of 3rd period - Shot Blocked by Alec Martinez.
13:58 of 3rd period - Snap shot by Maxime Macenauer.
13:58 of 3rd period - Deflect By Kevin Henderson.
13:58 of 3rd period - Stopped by Ondrej Pavelec with a rebound.
14:54 of 3rd period - Snap shot by Kris Versteeg.
14:54 of 3rd period - Shot Misses the Net.
14:56 of 3rd period - Slapshot by Damon Severson.
14:56 of 3rd period - Shot Blocked by Matt Stajan.
15:08 of 3rd period - Minor Penalty to Ryan Kesler for High sticking.
15:09 of 3rd period - Boyd Gordon wins face-off versus Eric O'Dell in Sabres zone.
15:22 of 3rd period - Snap shot by Alex Pietrangelo.
15:22 of 3rd period - Shot Blocked by Eric Gelinas.
16:11 of 3rd period - Off-side.
16:12 of 3rd period - Boyd Gordon wins face-off versus Shawn O'Donnell in neutral zone.
16:57 of 3rd period - Snap shot by Benoit Pouliot.
16:57 of 3rd period - Goal by Benoit Pouliot - Capitals : 1 - Sabres : 3.
16:58 of 3rd period - Chris Higgins wins face-off versus Eric O'Dell in neutral zone.
17:01 of 3rd period - Andy Greene is hit by Jay Bouwmeester and loses puck.
17:08 of 3rd period - Penalty to Ryan Kesler is over, Ryan Kesler is back on ice.
17:18 of 3rd period - Brad Mills is hit by Nikita Zadorov and loses puck.
17:33 of 3rd period - Slapshot by Gustav Nyquist.
17:33 of 3rd period - Stopped by Marc-Andre Fleury with a rebound.
18:35 of 3rd period - Wrist shot by Ryan Kesler.
18:35 of 3rd period - Stopped by Marc-Andre Fleury without a rebound.
18:36 of 3rd period - Matt Stajan wins face-off versus Luke Adam in Capitals zone.
18:41 of 3rd period - Wrist shot by David Perron.
18:41 of 3rd period - Shot Misses the Net.
18:43 of 3rd period - Wrist shot by David Perron.
18:43 of 3rd period - Shot Blocked by Luke Adam.
18:45 of 3rd period - Slapshot by Rasmus Ristolainen.
18:45 of 3rd period - Deflect By Ryan Kesler.
18:45 of 3rd period - Shot Misses the Net.
18:45 of 3rd period - Puck is out of play.
18:46 of 3rd period - Matt Stajan wins face-off versus Luke Adam in Capitals zone.
19:23 of 3rd period - Icing by Damon Severson.
19:24 of 3rd period - Greg Miller wins face-off versus Sidney Crosby in Capitals zone.
19:24 of 3rd period - Greg Miller is hit by Blake Wheeler.
19:33 of 3rd period - Minor Penalty to Alex Pietrangelo for Holding.
19:34 of 3rd period - Luke Adam wins face-off versus Boyd Gordon in Sabres zone.
19:34 of 3rd period - Slapshot by Eric Gelinas.
19:34 of 3rd period - Stopped by Ondrej Pavelec with a rebound.
19:36 of 3rd period - Backhand shot by Andy Greene.
19:36 of 3rd period - Stopped by Ondrej Pavelec with a rebound.
19:38 of 3rd period - Slapshot by Eric Gelinas.
19:38 of 3rd period - Stopped by Ondrej Pavelec with a rebound.
19:40 of 3rd period - Slapshot by Andy Greene.
19:40 of 3rd period - Shot Blocked by Brooks Orpik.
19:42 of 3rd period - Slapshot by Andy Greene.
19:42 of 3rd period - Deflect By Luke Adam.
19:42 of 3rd period - Stopped by Ondrej Pavelec with a rebound.
19:44 of 3rd period - Slapshot by Andy Greene.
19:44 of 3rd period - Shot Blocked by Rasmus Ristolainen.
19:48 of 3rd period - Slapshot by Eric Gelinas.
19:48 of 3rd period - Shot Misses the Net.
Goals for this period are 0 for Capitals vs 1 for Sabres.
Shots for this period are 11 for Capitals vs 10 for Sabres.